 Dungeon Crawl Stone Soup version 0.31-a0-844-gdc52ec4e09 (webtiles) character file.

Game seed: 12581338711721250037

85829 lunkers the Black Belt (level 16, -7/139 HPs)
             Began as a Meteoran Shapeshifter on Sept 27, 2023.
             Was the Champion of Qazlal.
             Mangled by a shock serpent (8 damage)
             ... on level 4 of the Snake Pit on Sept 28, 2023.
             The game lasted 00:22:04 (6288 turns).

lunkers the Black Belt (Meteoran Shapeshifter)      Turns: 6288, Time: 00:22:05

Health: -7/139     AC: 11    Str: 23    XL:     16   Next: 84%
Magic:  28/36      EV: 29    Int: 10    God:    Qazlal [******]
Gold:   1374       SH: 13    Dex: 20    Spells: 15/15 levels left

rFire   + .          .
                       - Unarmed
rCold   . . .        (shield currently unavailable)
rNeg    . . .        t - +3 ring mail of Bright the Good {Fly rPois MP+9}
rPois   +            m - +2 hat of Beogh's Esteem {rF+ Slay+2}
rElec   +            g - +1 cloak
rCorr   +            x - melded +0 pair of gloves
SInv    +            h - +0 pair of boots
Will    ++...        z - amulet "Zecu Ibb" {Reflect rCorr Str+5 Int-2 SH+5 SInv}
Stlth   +            p - +5 ring of evasion
HPRegen 0.43/turn    s - +5 ring of evasion
MPRegen 0.25/turn

%: repel missiles, reflection
@: blade hands, weakened, protected from electricity, flying, glowing, studying
Shapeshifting
A: sense surroundings 2, otherworldly, glowing, explore regen
a: Begin Untransformation, Renounce Religion, Upheaval, Elemental Force,
Disaster Area


You were on level 4 of the Snake Pit.
You worshipped Qazlal.
Qazlal was exalted by your worship.
You had blades for hands.
You visited 3 branches of the dungeon, and saw 17 of its levels.

You collected 1374 gold pieces.

Inventory:

Armour
 g - a +1 cloak (worn)
 h - a +0 pair of boots (worn)
 k - +0 steam dragon scales
 m - the +2 hat of Beogh's Esteem (worn) {rF+ Slay+2}
   (You acquired it on level 7 of the Dungeon)

   Slay+2:    It affects your accuracy & damage with ranged weapons and melee
   (+2).
   rF+:       It protects you from fire.
 t - the +3 ring mail of Bright the Good (worn) {Fly rPois MP+9}
   (You found it on level 4 of the Dungeon)

   rPois:     It protects you from poison MP+9: It affects your magic capacity
   (+9).
   Fly:       It grants you flight.
 x - a +0 pair of gloves (melded)
Jewellery
 p - a +5 ring of evasion (left blade hand)
 s - a +5 ring of evasion (right blade hand)
 v - a ring of fire
 w - a ring of protection from fire
 z - the amulet "Zecu Ibb" (around neck) {Reflect rCorr Str+5 Int-2 SH+5 SInv}
   (You found it on level 8 of the Dungeon)

   [amulet of reflection]

   Reflect:   It reflects blocked missile attacks.
   Str+5:     It affects your strength (+5).
   Int-2:     It affects your intelligence (-2).
   SInv:      It lets you see invisible.
   rCorr:     It protects you from acid and corrosion.
   SH+5:      It affects your SH (+5).
 A - a ring of protection from fire
 C - a ring of see invisible
 I - an amulet of faith
 K - an amulet of guardian spirit
 M - a ring of flight
Talismans
 c - a beast talisman
 d - a flux talisman
 F - a blade talisman (active)
Wands
 a - a wand of flame (22)
 i - a wand of iceblast (19)
 D - a wand of light (11)
 E - a wand of digging (4)
 G - a wand of mindburst (6)
 P - a wand of charming (7)
Scrolls
 e - a scroll of silence
 j - a scroll of blinking
 l - 2 scrolls of enchant armour
 r - a scroll of butterflies
 y - a scroll of enchant weapon
 J - a scroll of amnesia
 L - 2 scrolls of vulnerability
 N - a scroll of fog {unknown}
 Q - 2 scrolls of teleportation
Potions
 b - 3 potions of lignification
 f - a potion of invisibility
 n - 3 potions of brilliance
 o - 5 potions of curing
 q - 3 potions of enlightenment
 u - a potion of mutation
 B - a potion of magic
 H - 2 potions of heal wounds {unknown}
 O - a potion of attraction {unknown}


   Skills:
 + Level 12.0 Fighting
 + Level 12.1 Dodging
 * Level 20.9 Unarmed Combat
 + Level 13.7 Invocations
 + Level 15.7 Shapeshifting


You had 15 spell levels left.
You didn't know any spells.
Your spell library contained the following spells:

 Spells                   Type           Power      Damage    Failure   Level
 Apportation              Tloc           0%         N/A       52%         1
 Shock                    Conj/Air       0%         1d3       52%         1
 Jinxbite                 Hex            0%         N/A       67%         2
 Dazzling Flash           Conj/Hex       0%         N/A       88%         3
 Frozen Ramparts          Ice            0%         1d1       88%         3
 Swiftness                Air            0%         N/A       88%         3
 Volatile Blastmotes      Fire/Tloc      0%         2d10      88%         3
 Airstrike                Air            0%         2d(0-16)  99%         4
 Fulminant Prism          Conj/Hex       0%         3d5       99%         4
 Iskenderun's Mystic Bla  Conj/Tloc      0%         2d3       99%         4
 Petrify                  Tmut/Erth      0%         N/A       99%         4
 Agony                    Necr           0%         N/A       100%        5
 Alistair's Intoxication  Tmut/Pois      0%         N/A       100%        5
 Metabolic Englaciation   Hex/Ice        0%         N/A       100%        5
 Silence                  Hex/Air        0%         N/A       100%        5


Dungeon Overview and Level Annotations

Branches:
Dungeon (8/15) Zot: 1641   Temple (0/1) D:4            Lair (5/5) D:8 Zot: 1293
 Shoals (0/4) Lair:2        Snake (4/4) Lair:3 Zot: 1358   Slime (0/5) Lair:4

Altars:
Qazlal
Ru

Shops:
D:2 (   D:4 (!?   D:6 [   Snake:2 ::=

Annotations:
Lair:1 exclusion: oklob plant


Innate Abilities, Weirdness & Mutations

You have blades for hands.
You are incapable of wielding weapons or throwing items.
You passively map the area around you.
You are easily found by Zot.
You glow in the dark.
You regain HP and MP as you explore.


Message History

You kill the black mamba!
Qazlal accepts your kill.
The blast of magma engulfs the salamander!!
The salamander partially resists.
The salamander is almost dead.
The cutting wind hits the black mamba!!
You kill the black mamba!
Qazlal accepts your kill.
The cutting wind hits the shock serpent!!
The shock serpent is severely wounded.
The blast of magma engulfs the salamander!!
The salamander partially resists.
The salamander is severely wounded.
The blast of magma engulfs the salamander!!
The salamander partially resists.
You kill the salamander!
Qazlal accepts your kill.
The cutting wind hits the salamander tyrant!!
You kill the salamander tyrant!
Qazlal accepts your kill.
The shock serpent's electric aura discharges, shocking you!
You resist.
* * * LOW HITPOINT WARNING * * *
The air sparks with electricity, shocking you!
You resist.
* * * LOW HITPOINT WARNING * * *
The shock serpent completely misses you.
A salamander comes into view. It is wielding a +0 halberd.
The shock serpent completely misses you.
Your Fighting skill increases to level 12!
Unknown command.
Unknown command.
Unknown command.
You slash the shock serpent! Your slash misses the shock serpent.
The shock serpent is almost dead.
The shock serpent's electric aura discharges, shocking you!
You resist.
* * * LOW HITPOINT WARNING * * *
The shock serpent bites you!
You die...

#.##.#...# ####
#........# #...
####.....## #...
###....#####... #####
#........#.## #...#
#####.##....# #..°#
####N.SS.S....
####...####§.N)#.#####<.
#....°≈@S...####.# #.
##.############...# #
#..# ...# ## #####.##
#...### #. ##.....#
###...####.
##...(.######
#..........
#......##...#
#.......###
#...#####...#
#.....#.#.<
#.......)...#
#..........


You could see 2 salamanders and a shock serpent.

Vanquished Creatures
  Vashnia (Snake:2)
  Asterion (Snake:3)
  3 nagarajas
  Nessos (Lair:3)
  2 salamander tyrants (Snake:4)
  4 catoblepae
  4 hydras
  8 naga warriors
  3 anacondas
  7 death yaks (Lair:5)
  8 naga sharpshooters
  Nergalle (Lair:3)
  2 shock serpents
  3 sea snakes (Snake:1)
  5 salamander mystics
  3 lindwurms
  Pikel (D:6)
  5 mana vipers
  2 naga ritualists
  12 salamanders
  2 manticores (Lair:5)
  A guardian serpent (Snake:2)
  29 black mambas
  9 naga magi
  14 elephants
  14 cane toads
  A rime drake (Lair:3)
  9 komodo dragons
  3 polar bears
  17 blink frogs
  A wyvern (Lair:2)
  46 yaks
  2 basilisks (Lair:5)
  A steam dragon (D:7)
  23 nagas
  17 water moccasins
  2 sky beasts
  An ice beast (D:7)
  2 ogres
  9 wolves
  3 centaurs
  10 bullfrogs
  2 scorpions (D:6)
  8 wights
  6 killer bees (D:8)
  2 electric eels (Snake:1)
  5 orc priests
  2 hounds
  4 iguanas
  6 jellies (Lair:4)
  A sleepcap (D:5)
  6 orc wizards
  14 hell rats
  3 gnolls (D:4)
  8 adders
  A white imp (D:6)
  2 ufetubi (D:6)
  3 worms
  A dart slug (D:1)
  30 orcs
  9 ball pythons
  5 endoplasms (D:3)
  3 giant cockroaches
  5 goblins
  3 hobgoblins (D:3)
  4 kobolds (D:4)
  A quokka (D:2)
  3 bats
  3 frilled lizards
  8 rats
440 creatures vanquished.

Vanquished Creatures (others)
  A jelly (Lair:4)
1 creature vanquished.

Grand Total: 441 creatures vanquished

Notes
Turn   | Place    | Note
-------+----------+-------------------------------------------
     0 | D:1      | lunkers the Meteoran Shapeshifter began the quest for the
                  | Orb.
     0 | D:1      | Reached XP level 1. HP: 16/16 MP: 2/2
    52 | D:1      | Reached XP level 2. HP: 7/23 MP: 3/3
    73 | D:1      | Reached skill level 4 in Unarmed Combat
   361 | D:1      | Reached XP level 3. HP: 28/28 MP: 4/4
   453 | D:2      | Found Sekeu's Weapon Shop.
   822 | D:3      | Found a faded altar of an unknown god.
   829 | D:3      | Reached skill level 5 in Unarmed Combat
   829 | D:3      | Reached XP level 4. HP: 31/35 MP: 5/5
   837 | D:3      | Prayed at the altar of an unknown god.
   837 | D:3      | Became a worshipper of Qazlal Stormbringer
   837 | D:3      | Reached * piety under Qazlal
  1039 | D:3      | Reached XP level 5. HP: 40/40 MP: 6/6
  1120 | D:4      | Found Zaqa's Magic Scroll Shop.
  1158 | D:4      | Reached skill level 6 in Unarmed Combat
  1267 | D:4      | Reached XP level 6. HP: 33/47 MP: 7/7
  1358 | D:4      | Found a staircase to the Ecumenical Temple.
  1367 | D:4      | Reached skill level 5 in Shapeshifting
  1374 | D:4      | Found Tent's Weapon Shoppe.
  1404 | D:4      | Reached ** piety under Qazlal
  1571 | D:4      | Found Luapuh's Distillery.
  1590 | D:4      | Identified the +3 ring mail of Bright the Good {Fly rPois
                  | MP+9}
  1625 | D:5      | Entered Level 5 of the Dungeon
  1643 | D:5      | Reached skill level 7 in Unarmed Combat
  1643 | D:5      | Noticed an ogre
  1650 | D:5      | Killed an ogre
  1651 | D:5      | Reached XP level 7. HP: 49/52 MP: 8/8
  2165 | D:6      | Reached skill level 8 in Unarmed Combat
  2172 | D:6      | Reached XP level 8. HP: 54/59 MP: 9/9
  2212 | D:6      | Found Odiem's Armour Shoppe.
  2248 | D:6      | Reached skill level 9 in Unarmed Combat
  2354 | D:6      | Found a stormy altar of Qazlal.
  2354 | D:6      | Noticed Pikel
  2365 | D:6      | Killed Pikel
  2366 | D:6      | Reached skill level 10 in Unarmed Combat
  2366 | D:6      | Gained mutation: You passively map the area around you.
                  | [Meteoran growth]
  2366 | D:6      | Reached XP level 9. HP: 64/64 MP: 10/10
  2413 | D:6      | Reached *** piety under Qazlal
  2481 | D:7      | Reached skill level 11 in Unarmed Combat
  2668 | D:7      | Reached skill level 12 in Unarmed Combat
  2673 | D:7      | Reached skill level 1 in Invocations
  2854 | D:7      | Reached XP level 10. HP: 72/73 MP: 12/12
  2855 | D:7      | Identified 2 scrolls of acquirement
  2855 | D:7      | Acquired a manual of Shapeshifting
  2857 | D:7      | Acquired the +2 hat of Beogh's Esteem {rF+ Slay+2}
  3082 | D:8      | Identified the amulet "Zecu Ibb" {Reflect rCorr Str+5 Int-2
                  | SH+5 SInv}
  3198 | D:8      | Found a staircase to the Lair.
  3218 | D:8      | Reached **** piety under Qazlal
  3228 | Lair:1   | Entered Level 1 of the Lair of Beasts
  3243 | Lair:1   | Reached skill level 13 in Unarmed Combat
  3319 | Lair:1   | Noticed a komodo dragon
  3328 | Lair:1   | Killed a komodo dragon
  3346 | Lair:1   | Noticed a komodo dragon
  3356 | Lair:1   | Killed a komodo dragon
  3357 | Lair:1   | Reached skill level 10 in Shapeshifting
  3357 | Lair:1   | Noticed an oklob plant
  3389 | Lair:1   | Noticed a komodo dragon
  3398 | Lair:1   | Killed a komodo dragon
  3399 | Lair:1   | Reached XP level 11. HP: 64/84 MP: 15/15
  3412 | Lair:1   | Noticed a catoblepas
  3427 | Lair:1   | Killed a catoblepas
  3428 | Lair:1   | Reached skill level 5 in Dodging
  3428 | Lair:1   | Reached skill level 5 in Invocations
  3453 | Lair:1   | Reached skill level 5 in Fighting
  3453 | Lair:1   | Reached skill level 14 in Unarmed Combat
  3560 | Lair:1   | Noticed a black mamba
  3572 | Lair:1   | Killed a black mamba
  3655 | Lair:2   | Noticed a six-headed hydra
  3664 | Lair:2   | Killed a six-headed hydra
  3727 | Lair:2   | Reached XP level 12. HP: 95/95 MP: 18/18
  3766 | Lair:2   | Reached skill level 15 in Unarmed Combat
  3874 | Lair:2   | Reached ***** piety under Qazlal
  3899 | Lair:3   | Noticed Nergalle
  3907 | Lair:3   | Killed Nergalle
  3933 | Lair:3   | Found a staircase to the Snake Pit.
  3970 | Lair:3   | Noticed Nessos
  3986 | Lair:3   | Killed Nessos
  4121 | Lair:4   | Noticed a six-headed hydra
  4130 | Lair:4   | Killed a six-headed hydra
  4137 | Lair:4   | Reached skill level 16 in Unarmed Combat
  4137 | Lair:4   | Reached XP level 13. HP: 66/105 MP: 20/20
  4273 | Lair:5   | Entered Level 5 of the Lair of Beasts
  4275 | Lair:5   | Noticed a seven-headed hydra
  4297 | Lair:5   | Reached skill level 17 in Unarmed Combat
  4300 | Lair:5   | Killed a seven-headed hydra
  4388 | Lair:5   | Reached skill level 10 in Invocations
  4392 | Lair:5   | Reached XP level 14. HP: 113/116 MP: 22/22
  4496 | Lair:5   | Reached ****** piety under Qazlal
  4514 | Lair:5   | Reached skill level 18 in Unarmed Combat
  4674 | Lair:5   | Reached skill level 10 in Dodging
  4907 | Lair:5   | Reached skill level 10 in Fighting
  4962 | Lair:4   | Found a staircase to the Slime Pits.
  5008 | Lair:4   | Reached XP level 15. HP: 116/126 MP: 24/24
  5087 | Lair:4   | Reached skill level 19 in Unarmed Combat
  5148 | Snake:1  | Entered Level 1 of the Snake Pit
  5265 | Snake:2  | Found a sacrificial altar of Ru.
  5271 | Snake:2  | Noticed a nagaraja
  5274 | Snake:2  | Noticed a nagaraja
  5277 | Snake:2  | Killed a nagaraja
  5300 | Snake:2  | Killed a nagaraja
  5515 | Snake:2  | Noticed Vashnia
  5547 | Snake:2  | Killed Vashnia
  5548 | Snake:2  | Reached skill level 20 in Unarmed Combat
  5550 | Snake:2  | Reached XP level 16. HP: 18/137 MP: 20/26
  5725 | Snake:3  | Noticed Asterion
  5740 | Snake:3  | Killed Asterion
  5792 | Snake:2  | Found Asarph's Jewellery Shop.
  5792 | Snake:2  | Found Xirarus's Book Shoppe.
  5793 | Snake:2  | Found Duawix's Book Shoppe.
  5871 | Snake:3  | Reached skill level 15 in Shapeshifting
  6014 | Snake:4  | Entered Level 4 of the Snake Pit
  6014 | Snake:4  | Noticed a nagaraja
  6031 | Snake:4  | Killed a nagaraja
  6240 | Snake:4  | Noticed a nagaraja
  6248 | Snake:4  | Noticed a nagaraja
  6257 | Snake:4  | Upgraded the game from 0.31-a0-841-g038b102fc3 to
                  | 0.31-a0-844-gdc52ec4e09
  6287 | Snake:4  | HP: 5/139 [shock serpent/electric aura (2)]
  6288 | Snake:4  | HP: 1/139 [shock serpent/electric aura (2)]
  6288 | Snake:4  | Mangled by a shock serpent

Illustrated notes

Levels and vault maps discovered:
D:1:      psy_arrival_statuary, layout_basic, chequers_garden,
          chequers_serial_rivers_micro_e
D:2:      layout_rooms, serial_shops, shop
D:3:      layout_loops_ring, nicolae_ecumenical_snake_handling
D:4:      layout_loops_ring, minmay_temple_entry_purple_smoke, serial_shops,
          nicolae_shop_gibbet_a_chance,
          nicolae_shop_temple_entry_statues_fountains, shop
D:5:      layout_loops_ring, minivault_14
D:6:      layout_basic, mainiacjoe_overflow_surrounded_room, serial_shops, shop,
          uniq_pikel
D:7:      layout_basic, nicolae_figureground_pulse
D:8:      layout_basic, dpeg_oklobed_lair, dreamdust_princess_bridge,
          minmay_liquid_box
Lair:1:   layout_hall_layers, minmay_lair_oklob_bushes, st_stairs_8
Lair:2:   layout_layer_cave, nicolae_shoals_entry_roost
Lair:3:   layout_cave_shapes, minmay_snake_entry_six_corridors, uniq_nessos,
          uniq_nergalle
Lair:4:   layout_regular_city, nicolae_slime_entry_slimehenge,
          chequers_serial_rivers_room_b, grunt_megastairs_2
Lair:5:   evilmike_catoblepas_cave, layout_regular_city, grunt_megastairs_1
Snake:1:  layout_basic, ebering_ghost_disaster_area, minmay_shoptagon,
          uniq_aizul
Snake:2:  nicolae_snake_nest, layout_concentric_octagons, basic_altar,
          minmay_shop_grove, uniq_vashnia
Snake:3:  layout_cave_shapes, st_stairs_4, uniq_asterion
Snake:4:  johnstein_snake_rune_scales, layout_misc_corridors

Skill      XL: |  1  2  3  4  5  6  7  8  9 10 11 12 13 14 15 16 |
---------------+-------------------------------------------------+-----
Unarmed Combat | 4 5 6 7 8 10 12 13 14 16 17 18 20 | 20.9
Shapeshifting  | 4 5 6 7 8 10 11 12 14 15 | 15.7
Invocations    | 1 4 6 8 10 11 12 13 | 13.7
Fighting       | 4 5 7 8 10 11 12 | 12.0
Dodging        | 4 6 7 9 10 11 12 | 12.1

Action                     |  1- 3 |  4- 6 |  7- 9 | 10-12 | 13-15 | 16-18 || total
---------------------------+-------+-------+-------+-------+-------+-------++-------
  Melee: Unarmed           |    84 |   123 |   176 |   341 |   533 |   150 ||  1407
         Punch             |       |     4 |     1 |       |    10 |    17 ||    32
 Invoke: Upheaval          |       |       |       |       |     4 |       ||     4
         Disaster Area     |       |       |       |       |     2 |     1 ||     3
    Use: Scroll            |       |       |     7 |    13 |     3 |     1 ||    24
   Stab: Petrified         |       |       |       |     3 |       |       ||     3
         Petrifying        |       |       |       |     1 |       |       ||     1
 Armour: Animal skin       |    24 |       |       |       |       |       ||    24
         Scale mail        |    12 |    41 |       |       |       |       ||    53
         Ring mail         |       |     6 |    63 |    86 |   141 |    48 ||   344
  Dodge: Dodged            |    47 |    54 |   139 |   269 |   365 |   128 ||  1002
         Repelled          |       |       |       |     1 |     5 |     4 ||    10
  Block: Other             |       |     5 |    16 |   159 |   287 |    94 ||   561
         Reflection        |       |       |       |     2 |    16 |     3 ||    21
   Form: Flux              |       |       |     1 |       |       |       ||     1
         Blade             |       |       |       |       |     1 |       ||     1

Table legend: (Time is in decaauts)
 A = Elapsed time spent in this place.
 B = Non-inter-level travel time spent in this place.
 C = Inter-level travel time spent in this place.
 D = Time resting spent in this place.
 E = Time spent auto-exploring this place.
 F = Levels seen in this place.
 G = Mean time per level.
                   A        B        C        D        E       F      G
               +--------+--------+--------+--------+--------+-----+--------+
         Total |   5905 |   5602 |    303 |      0 |   2897 |  17 |  347.4 |
       Dungeon |   3158 |   3012 |    146 |      0 |   2134 |   8 |  394.8 |
          Lair |   1706 |   1595 |    111 |      0 |    409 |   5 |  341.2 |
     Snake Pit |   1040 |    995 |     45 |      0 |    354 |   4 |  260.0 |
               +--------+--------+--------+--------+--------+-----+--------+

Top non-repeatable levels by time:
  Lair:5: 579 daAuts
     D:4: 531 daAuts
 Snake:2: 441 daAuts
     D:6: 434 daAuts
     D:7: 420 daAuts
     D:2: 414 daAuts
     D:5: 376 daAuts
     D:1: 374 daAuts
  Lair:1: 363 daAuts
     D:8: 321 daAuts
     D:3: 285 daAuts
  Lair:4: 269 daAuts
  Lair:2: 254 daAuts
 Snake:4: 245 daAuts
  Lair:3: 239 daAuts
